Map: [ESL] Inside and Out

Players

herO - Winner!

  • Race: Protoss Protoss
  • Spawn Location: 7:00

Bunny

  • Race: Terran Terran
  • Spawn Location: 1:00

Event: DreamHack SC2 Masters 2022 Atlanta (Offline)

VOD

Have the link to the VOD?

Description

Time

  • Played on: Nov. 20, 2022, 5:35 p.m.
  • Length: 7:19

All games in this series

Show
View Real Time Build Order
Export as new Build Order

herO Protoss - Winner!

Build Orders: 1 Gate Expand, Blink Stalkers 

Get SALT Encoding   

  12  0:00  Probe  
  13  0:12  Probe  
  14  0:18  Pylon  
  14  0:24  Probe  
  15  0:36  Probe (Chrono Boost)  
  15  0:38  Gateway  
  16  0:46  Probe (Chrono Boost)  
  16  0:49  Assimilator  
  17  0:51  Probe (Chrono Boost)  
  18  1:03  Probe  
  19  1:15  Probe  
  20  1:25  Cybernetics Core  
  20  1:36  Nexus  
  20  1:41  Pylon  
  20  1:44  Probe  
  21  1:51  Assimilator  
  21  1:56  Probe  
  21  1:58  Adept (Chrono Boost)  
  24  2:02  Warp Gate  
  25  2:08  Probe  
  25  2:20  Probe  
  25  2:21  Stalker  
  28  2:29  Twilight Council  
  28  2:32  Probe  
  29  2:44  Probe  
  29  2:48  Gateway, Probe  
  31  2:53  Stalker  
  33  2:59  Blink (Chrono Boost)  
  33  3:01  Probe x2  
  34  3:14  Probe x2  
  36  3:28  Probe x2  
  36  3:29  Robotics Facility  
  38  3:40  Probe x2  
  40  3:42  Gateway  
  40  3:47  Gateway  
  40  3:54  Stalker  
  42  3:57  Stalker  
  42  4:00  Pylon  
  42  4:02  Probe  
  45  4:07  Probe  
  46  4:18  Probe  
  46  4:19  Warp Prism (Chrono Boost), Probe  
  46  4:23  Stalker  
  52  4:28  Stalker  
  54  4:33  Probe  
  54  4:37  Pylon  
  54  4:55  Pylon  
  54  4:59  Stalker  
  59  5:00  Stalker  
  59  5:01  Stalker  
  59  5:03  Pylon  
  60  5:08  Stalker  
  60  5:12  Assimilator  
  60  5:13  Probe x2  
  62  5:25  Probe x2  
  63  5:30  Pylon  
  63  5:33  Stalker x4  
  71  5:42  Probe x2  
  71  5:47  Pylon  
  69  6:06  Stalker  
  69  6:07  Stalker x3  
  75  6:27  Probe x2  
  75  6:31  Nexus  
  75  6:37  Robotics Bay  
  75  6:38  Stalker x4  
  83  6:40  Pylon  
  83  6:44  Probe  
  83  6:45  Probe  
  75  7:04  Stalker x4  
Show
View Real Time Build Order
Export as new Build Order

Bunny Terran 

Build Orders:  

Get SALT Encoding   

  12  0:00  SCV  
  13  0:12  SCV  
  14  0:17  Supply Depot  
  14  0:24  SCV  
  15  0:38  SCV  
  15  0:39  Barracks  
  16  0:44  Refinery  
  16  0:50  SCV  
  17  1:00  Barracks  
  17  1:03  SCV  
  18  1:15  SCV  
  19  1:27  Reaper  
  19  1:29  Supply Depot  
  20  1:36  Orbital Command  
  20  1:48  Reaper  
  21  2:03  SCV  
  21  2:04  Reaper  
  23  2:15  SCV  
  24  2:22  Command Center  
  24  2:27  SCV  
  25  2:36  Refinery, Marine  
  26  2:37  Supply Depot  
  26  2:38  Marine  
  26  2:40  SCV  
  28  2:47  Factory  
  28  2:52  SCV  
  28  2:54  Marine  
  28  2:56  Marine  
  31  3:04  SCV  
  32  3:12  Marine  
  33  3:16  SCV  
  33  3:19  Marine  
  34  3:28  SCV  
  34  3:32  Bunker  
  34  3:33  Factory Tech Lab  
  35  3:35  Starport, Orbital Command  
  35  3:40  SCV  
  36  3:43  Barracks Reactor  
  36  3:46  Barracks Tech Lab  
  35  3:52  SCV  
  35  3:55  Siege Tank  
  39  4:00  SCV  
  40  4:03  Engineering Bay  
  40  4:05  Refinery  
  41  4:10  SCV  
  41  4:12  SCV  
  42  4:17  Supply Depot  
  42  4:19  Marine x2  
  42  4:22  SCV  
  46  4:24  SCV  
  46  4:29  Raven  
  48  4:34  SCV  
  48  4:36  SCV  
  48  4:38  Supply Depot  
  50  4:42  Barracks, Marine x2  
  50  4:44  Terran Infantry Weapons Level 1  
  52  4:47  SCV  
  52  4:48  SCV, Marine  
  55  4:53  Stimpack  
  55  4:59  SCV  
  56  5:00  SCV, Factory Reactor, Marine x2  
  56  5:05  Supply Depot  
  56  5:06  Supply Depot  
  59  5:09  Marauder  
  61  5:16  SCV x2  
  61  5:18  Marine x2  
  61  5:20  Starport Reactor  
  64  5:29  Supply Depot  
  64  5:30  SCV x2, Marauder  
  64  5:32  Marine  
  69  5:35  Marine  
  69  5:36  Marine  
  68  5:43  Widow Mine x2  
  68  5:48  SCV x2  
  74  5:51  Marauder, Marine  
  74  5:53  Marine  
  74  5:56  Medivac  
  76  6:03  Medivac  
  72  6:08  Marine  
  72  6:09  Marine  
  72  6:18  Marauder, Marine  
  67  6:26  Marine  
  57  6:35  Marine  
  57  6:36  Marine  
  57  6:39  SCV x2, Marauder  
  62  6:43  Marine  
  63  6:54  Marine  
  55  6:59  Marine  
  55  7:00  SCV x2  
  48  7:01  Marine  
Tags
 
Add a new tag
Caveats
  • Supply blocks, unpowered buildings, or Contaminate may cause inaccurate times.
  • Supply counts are checked every 10 seconds.